SAA
LANCASTER FARMERS @ LAKE MINNETONKA LOVE BOATS
08/16/2041
 
TOP OF THE 1ST
Lancaster Farmers batting - Pitching for Lake Minnetonka Love Boats : RHP Claude Khatoon
Pitching: RHP Claude Khatoon
Batting: SHB Enrique Martínez 0-0: Ball
1-0: Foul Ball, location: 2F
1-1: Swinging Strike
1-2: Ball
2-2: Ball
3-2: Foul Ball, location: 2F
3-2: Ground out 4-3 (Groundball, 34D, EV 108.1 MPH)
Batting: RHB Mark Kirk 0-0: Ball
1-0: Foul Ball, location: 2F
1-1: Ball
2-1: Ball
3-1: Fly out, F4 (Line Drive, 4, EV 63.1 MPH)
Batting: RHB Tuputahi Cani 0-0: Fly out, F8 (Line Drive, 8RD, EV 95.6 MPH)
Top of the 1st over - 0 runs, 0 hits, 0 errors, 0 left on base; Lancaster 0 - Lake Minnetonka 0
BOTTOM OF THE 1ST
Lake Minnetonka Love Boats batting - Pitching for Lancaster Farmers : RHP Marvin Stevens
Pitching: RHP Marvin Stevens
Batting: RHB Mark Bakker 0-0: Ball
1-0: Ball
2-0: Called Strike
2-1: SINGLE (Groundball, 4MD, EV 94.4 MPH)
Batting: RHB Ding-bong Wang 0-0: Called Strike
Mark Bakker steals 2nd base
0-1: Ball
1-1: Ball
2-1: Foul Ball, location: 2F
2-2: Ball
3-2: Base on Balls
Batting: SHB Spencer Maddox 0-0: Foul Ball, location: 2F
0-1: Swinging Strike
0-2: Ball
1-2: Foul Ball, location: 2F
1-2: Hit by Pitch
Mark Bakker to third
Ding-bong Wang to second
Batting: RHB Eisse van Barneveld 0-0: Ball
1-0: Ball
2-0: Called Strike
2-1: Called Strike
2-2: SINGLE (Groundball, 6MD, EV 96.2 MPH)
Mark Bakker scores
Ding-bong Wang to third
Spencer Maddox to second
Runner from 3rd tries for Home, SAFE, throw by CF to home
Batting: RHB José Avilés 0-0: Ball
1-0: Swinging Strike
1-1: SINGLE (Line Drive, 89S, EV 98.1 MPH)
Spencer Maddox to third
Eisse van Barneveld to second
Batting: RHB Ricardo Cantú 0-0: Called Strike
0-1: Foul Ball, location: 2F
0-2: Grounds into double play, 5-4-3 (Groundball, 56S, EV 86.2 MPH)
Spencer Maddox scores
Eisse van Barneveld to third
Batting: RHB Hamid Rutu 0-0: Ball
1-0: Foul Ball, location: 2F
1-1: SINGLE (Groundball, 6MD, EV 103.8 MPH)
Eisse van Barneveld scores
Batting: RHB Nicholas Khadjikyriakos 0-0: Ground out 1-3 (Groundball, 15S, EV 75.0 MPH)
Bottom of the 1st over - 4 runs, 4 hits, 0 errors, 1 left on base; Lancaster 0 - Lake Minnetonka 4
TOP OF THE 2ND
Lancaster Farmers batting - Pitching for Lake Minnetonka Love Boats : RHP Claude Khatoon
Batting: LHB Jiro Miyake 0-0: Foul Ball, location: 2F
0-1: Called Strike
0-2: Fly out, F3 (Line Drive, 4, EV 70.0 MPH)
Batting: RHB Barton Ryan 0-0: Swinging Strike
0-1: Swinging Strike
0-2: Strikes out looking
Batting: LHB Robert Shannon 0-0: Ball
1-0: Foul Ball, location: 2F
1-1: Fly out, F8 (Flyball, 78XD, EV 103.1 MPH)
Top of the 2nd over - 0 runs, 0 hits, 0 errors, 0 left on base; Lancaster 0 - Lake Minnetonka 4
BOTTOM OF THE 2ND
Lake Minnetonka Love Boats batting - Pitching for Lancaster Farmers : RHP Marvin Stevens
Batting: RHB Pablo Santos 0-0: Called Strike
0-1: Fly out, F1 (Line Drive, P, EV 62.5 MPH)
Batting: RHB Mark Bakker 0-0: Ball
1-0: Ball
2-0: Foul Ball, location: 2F
2-1: Foul Ball, location: 2F
2-2: Fly out, F9 (Flyball, 89D, EV 96.9 MPH)
Batting: RHB Ding-bong Wang 0-0: Ground out 1-3 (Groundball, P, EV 91.2 MPH)
Bottom of the 2nd over - 0 runs, 0 hits, 0 errors, 0 left on base; Lancaster 0 - Lake Minnetonka 4
TOP OF THE 3RD
Lancaster Farmers batting - Pitching for Lake Minnetonka Love Boats : RHP Claude Khatoon
Batting: RHB Rafael Mastache 0-0: Ball
1-0: Ground out 1-3 (Groundball, 23, EV 70.0 MPH)
Batting: LHB Hughie Chesire 0-0: Called Strike
0-1: Called Strike
0-2: Foul Ball, location: 2F
0-2: Fly out, F9 (Flyball, 9D, EV 98.8 MPH)
Batting: RHB Raúl Bravo 0-0: Ground out 6-3 (Groundball, 6S, EV 70.0 MPH)
Top of the 3rd over - 0 runs, 0 hits, 0 errors, 0 left on base; Lancaster 0 - Lake Minnetonka 4
BOTTOM OF THE 3RD
Lake Minnetonka Love Boats batting - Pitching for Lancaster Farmers : RHP Marvin Stevens
Batting: SHB Spencer Maddox 0-0: Ground out 4-3 (Groundball, 4, EV 81.9 MPH)
Batting: RHB Eisse van Barneveld 0-0: Ball
1-0: Foul Ball, location: 2F
1-1: SINGLE (Groundball, 6MD, EV 107.5 MPH)
Batting: RHB José Avilés 0-0: Called Strike
0-1: Foul Ball, location: 2F
0-2: Ball
1-2: Foul Ball, location: 2F
1-2: Ball
2-2: Ground out 4-3 (Groundball, 4S, EV 68.1 MPH)
Eisse van Barneveld to second
Batting: RHB Ricardo Cantú 0-0: Ball
1-0: Foul Ball, location: 2F
1-1: Foul Ball, location: 2F
1-2: Foul Ball, location: 2F
1-2: Ball
2-2: Ground out 3-1 (Groundball, 34S, EV 73.8 MPH)
Bottom of the 3rd over - 0 runs, 1 hit, 0 errors, 1 left on base; Lancaster 0 - Lake Minnetonka 4
TOP OF THE 4TH
Lancaster Farmers batting - Pitching for Lake Minnetonka Love Boats : RHP Claude Khatoon
Batting: SHB Enrique Martínez 0-0: Called Strike
0-1: Ball
1-1: Swinging Strike
1-2: Strikes out looking
Batting: RHB Mark Kirk 0-0: Ground out 5-3 (Groundball, 56, EV 88.1 MPH)
Batting: RHB Tuputahi Cani 0-0: Ball
1-0: Ball
2-0: Called Strike
2-1: Ball
3-1: Base on Balls
Batting: LHB Jiro Miyake 0-0: Called Strike
0-1: Ball
1-1: Foul Ball, location: 2F
1-2: Ball
2-2: Foul Ball, location: 2F
2-2: Ball
3-2: Ground out 1-3 (Groundball, 34S, EV 65.0 MPH)
Top of the 4th over - 0 runs, 0 hits, 0 errors, 1 left on base; Lancaster 0 - Lake Minnetonka 4
BOTTOM OF THE 4TH
Lake Minnetonka Love Boats batting - Pitching for Lancaster Farmers : RHP Marvin Stevens
Batting: RHB Hamid Rutu 0-0: Ball
1-0: Swinging Strike
1-1: Ball
2-1: Ground out 2-3 (Groundball, 13S, EV 64.4 MPH)
Batting: RHB Nicholas Khadjikyriakos 0-0: SINGLE (Groundball, 56D, EV 103.8 MPH)
Batting: RHB Pablo Santos 0-0: Ball
1-0: SINGLE (Groundball, 6D, EV 103.1 MPH)
Nicholas Khadjikyriakos to second
Batting: RHB Mark Bakker 0-0: SINGLE (Flyball, 9LS, EV 91.9 MPH)
Nicholas Khadjikyriakos to third
Pablo Santos to second
Batting: RHB Ding-bong Wang 0-0: Called Strike
0-1: Ball
1-1: Grounds into double play, 6-4-3 (Groundball, 56, EV 100.0 MPH)
Bottom of the 4th over - 0 runs, 3 hits, 0 errors, 2 left on base; Lancaster 0 - Lake Minnetonka 4
TOP OF THE 5TH
Lancaster Farmers batting - Pitching for Lake Minnetonka Love Boats : RHP Claude Khatoon
Batting: RHB Barton Ryan 0-0: Called Strike
0-1: Called Strike
0-2: Ball
1-2: Foul Ball, location: 2F
1-2: Ball
2-2: Fly out, F8 (Flyball, 8RXD, EV 104.4 MPH)
Batting: LHB Robert Shannon 0-0: Ball
1-0: Ground out 1-3 (Groundball, 34S, EV 78.8 MPH)
Batting: RHB Rafael Mastache 0-0: Ball
1-0: Ball
2-0: Ground out 5-3 (Groundball, 56S, EV 88.8 MPH)
Top of the 5th over - 0 runs, 0 hits, 0 errors, 0 left on base; Lancaster 0 - Lake Minnetonka 4
BOTTOM OF THE 5TH
Lake Minnetonka Love Boats batting - Pitching for Lancaster Farmers : RHP Marvin Stevens
Batting: SHB Spencer Maddox 0-0: Ball
1-0: Ground out U3 (Groundball, 3, EV 86.2 MPH)
Batting: RHB Eisse van Barneveld 0-0: Foul Ball, location: 2F
0-1: Foul Ball, location: 2F
0-2: Foul Ball, location: 2F
0-2: Foul Ball, location: 2F
0-2: Strikes out swinging
Batting: RHB José Avilés 0-0: SINGLE (Groundball, 6MD, EV 99.4 MPH)
Batting: RHB Ricardo Cantú 0-0: Swinging Strike
0-1: Fly out, F8 (Flyball, 78D, EV 79.4 MPH)
Bottom of the 5th over - 0 runs, 1 hit, 0 errors, 1 left on base; Lancaster 0 - Lake Minnetonka 4
TOP OF THE 6TH
Lancaster Farmers batting - Pitching for Lake Minnetonka Love Boats : RHP Claude Khatoon
Batting: LHB Hughie Chesire 0-0: Ball
1-0: SINGLE (Groundball, 56, EV 100.6 MPH) (infield hit)
Batting: RHB Raúl Bravo 0-0: Ball
1-0: Ball
2-0: Called Strike
2-1: Foul Ball, location: 2F
2-2: Ball
3-2: Strikes out swinging
Batting: SHB Enrique Martínez 0-0: Called Strike
0-1: Swinging Strike
0-2: Foul Ball, location: 2F
0-2: Ball
1-2: Strikes out swinging
Batting: RHB Mark Kirk 0-0: Called Strike
0-1: Ball
1-1: Ball
2-1: Foul Ball, location: 2F
2-2: Fly out, F9 (Flyball, 9D, EV 100.6 MPH)
Top of the 6th over - 0 runs, 1 hit, 0 errors, 1 left on base; Lancaster 0 - Lake Minnetonka 4
BOTTOM OF THE 6TH
Lake Minnetonka Love Boats batting - Pitching for Lancaster Farmers : RHP Marvin Stevens
Batting: RHB Hamid Rutu 0-0: Ball
1-0: Called Strike
1-1: SINGLE (Groundball, 56D, EV 96.2 MPH)
Batting: RHB Nicholas Khadjikyriakos 0-0: Ball
1-0: Ball
2-0: Ball
3-0: Called Strike
3-1: Sac Bunt to 2R - play at first, batter OUT! 2-4
Hamid Rutu to second
Batting: RHB Pablo Santos 0-0: Ground out 4-3 (Groundball, 4S, EV 88.1 MPH)
Hamid Rutu to third
Batting: RHB Mark Bakker 0-0: Ball
1-0: Ball
2-0: Foul Ball, location: 2F
2-1: Swinging Strike
2-2: SINGLE (Groundball, 56S, EV 71.9 MPH) (infield hit)
Hamid Rutu scores
Pitching: RHP Rainer Letroit
Batting: RHB Ding-bong Wang 0-0: Ball
1-0: Swinging Strike
1-1: Ball
2-1: Called Strike
2-2: Ball
3-2: Foul Ball, location: 2F
3-2: Base on Balls
Mark Bakker to second
Batting: SHB Spencer Maddox 0-0: Called Strike
0-1: Fly out, F8 (Line Drive, 8LM, EV 100.6 MPH)
Bottom of the 6th over - 1 run, 2 hits, 0 errors, 2 left on base; Lancaster 0 - Lake Minnetonka 5
TOP OF THE 7TH
Lancaster Farmers batting - Pitching for Lake Minnetonka Love Boats : RHP Claude Khatoon
Batting: RHB Tuputahi Cani 0-0: Ball
1-0: SINGLE (Groundball, 6MD, EV 99.4 MPH)
Batting: LHB Jiro Miyake 0-0: Called Strike
0-1: Ball
1-1: Ball
2-1: Called Strike
2-2: DOUBLE (Line Drive, 89XD, EV 107.5 MPH)
Tuputahi Cani to third
Runner from 3rd tries for Home, SAFE, throw by RF to home
Batting: RHB Barton Ryan 0-0: Ball
1-0: Called Strike
1-1: Swinging Strike
1-2: Strikes out swinging
Batting: LHB Robert Shannon 0-0: Ball
1-0: Ball
2-0: SINGLE (Groundball, 34D, EV 96.9 MPH)
Jiro Miyake to third
Runner from 3rd tries for Home, SAFE, throw by RF to home
Batting: RHB Rafael Mastache 0-0: Grounds into double play, 6-4-3 (Groundball, 6, EV 92.5 MPH)
Top of the 7th over - 2 runs, 3 hits, 0 errors, 0 left on base; Lancaster 2 - Lake Minnetonka 5
BOTTOM OF THE 7TH
Lake Minnetonka Love Boats batting - Pitching for Lancaster Farmers : RHP Rainer Letroit
Pitching: LHP Gijsbert van Veen
Batting: RHB Eisse van Barneveld 0-0: Ball
1-0: Called Strike
1-1: Ground out 6-3 (Groundball, 6, EV 91.2 MPH)
Batting: RHB José Avilés 0-0: DOUBLE (Line Drive, 7LD, EV 103.8 MPH)
Batting: RHB Ricardo Cantú 0-0: SINGLE (Line Drive, 6MD, EV 99.4 MPH)
José Avilés to third
Batting: RHB Hamid Rutu 0-0: Foul Ball, location: 2F
0-1: Ball
1-1: SINGLE (Groundball, 6MD, EV 110.0 MPH)
José Avilés scores
Ricardo Cantú to second
Runner from 2nd tries for 3rd, SAFE, throw by CF made to third
Batting: RHB Nicholas Khadjikyriakos 0-0: Called Strike
0-1: SINGLE (Flyball, 78S, EV 89.4 MPH)
Ricardo Cantú scores
Hamid Rutu to second
Batting: RHB Pablo Santos 0-0: Ball
1-0: Called Strike
1-1: Ball
2-1: Swinging Strike
2-2: Ball
3-2: Strikes out swinging
Batting: RHB Mark Bakker 0-0: Ground out 1-3 (Groundball, 25, EV 81.9 MPH)
Bottom of the 7th over - 2 runs, 4 hits, 0 errors, 2 left on base; Lancaster 2 - Lake Minnetonka 7
TOP OF THE 8TH
Lancaster Farmers batting - Pitching for Lake Minnetonka Love Boats : RHP Claude Khatoon
Batting: LHB Hughie Chesire 0-0: Foul Ball, location: 2F
0-1: Fly out, F8 (Line Drive, 8RD, EV 88.1 MPH)
Batting: RHB Raúl Bravo 0-0: Ball
1-0: Foul Ball, location: 2F
1-1: Foul Ball, location: 2F
1-2: Ball
2-2: Ball
3-2: SINGLE (Line Drive, 56, EV 98.8 MPH)
Pitching: RHP Jayden Fairhead
Batting: SHB Enrique Martínez 0-0: Swinging Strike
0-1: Swinging Strike
0-2: Ball
1-2: Strikes out swinging
Batting: RHB Mark Kirk 0-0: Swinging Strike
0-1: Swinging Strike
0-2: Fielders Choice at 2nd, 5-4 (Groundball, 5, EV 89.4 MPH)
Top of the 8th over - 0 runs, 1 hit, 0 errors, 1 left on base; Lancaster 2 - Lake Minnetonka 7
BOTTOM OF THE 8TH
Lake Minnetonka Love Boats batting - Pitching for Lancaster Farmers : LHP Gijsbert van Veen
Batting: RHB Ding-bong Wang 0-0: Called Strike
0-1: Swinging Strike
0-2: Ground out 5-3 (Groundball, 5S, EV 79.4 MPH)
Batting: SHB Spencer Maddox 0-0: Ball
1-0: Hit by Pitch
Batting: RHB Eisse van Barneveld 0-0: Called Strike
0-1: Grounds into double play, 6-4-3 (Groundball, 6, EV 92.5 MPH)
Bottom of the 8th over - 0 runs, 0 hits, 0 errors, 0 left on base; Lancaster 2 - Lake Minnetonka 7
TOP OF THE 9TH
Lancaster Farmers batting - Pitching for Lake Minnetonka Love Boats : RHP Jayden Fairhead
Batting: RHB Tuputahi Cani 0-0: Ground out 6-3 (Groundball, 56, EV 80.6 MPH)
Batting: LHB Jiro Miyake 0-0: Ball
1-0: Foul Ball, location: 2F
1-1: Ball
2-1: Called Strike
2-2: Strikes out swinging
Batting: RHB Barton Ryan 0-0: Called Strike
0-1: Called Strike
0-2: Ball
1-2: Ball
2-2: Strikes out swinging
Top of the 9th over - 0 runs, 0 hits, 0 errors, 0 left on base; Lancaster 2 - Lake Minnetonka 7
Tuesday, January 5th, 2021 - OOTP Baseball 20.8 Build 74